 Dungeon Crawl Stone Soup version 0.31-a0-210-gccc998df9b (webtiles) character file.

Game seed: 13847382516928978612

539 qw the Chopper (level 7, -2/43 HPs)
             Began as a Gargoyle Fighter on June 30, 2023.
             Was an Initiate of Okawaru.
             Slain by a gnoll sergeant
             ... wielding a +2 spear of distortion
              (7 damage)
             ... on level 5 of the Dungeon.
             The game lasted 00:01:30 (3289 turns).

qw the Chopper (Gargoyle Fighter)                   Turns: 3289, Time: 00:01:31

Health: -2/43      AC: 17    Str: 22    XL:     7   Next: 26%
Magic:  7/7        EV: 13    Int:  8    God:    Okawaru [......]
Gold:   238        SH:  4    Dex:  9    Spells: 6/6 levels left

rFire   . . .        Y - +1 war axe
rCold   . . .        c - +0 buckler
rNeg    + . .        n - +0 chain mail
rPois   inf          a - +0 helmet
rElec   +            (no cloak)
rCorr   .            m - +0 pair of gloves
SInv    .            h - +0 pair of boots
Will    .....        (no amulet) Stlth
                     g - +5 ring of evasion
HPRegen 0.27/turn    (no ring)
MPRegen 0.10/turn

%: no passive effects
@: no status effects
A: sickness immunity, AC +4, negative energy resistance 1, electricity
resistance, torment resistance 1, petrification resistance
a: Renounce Religion


You were on level 5 of the Dungeon.
You worshipped Okawaru.
Okawaru was noncommittal.
You visited 2 branches of the dungeon, and saw 7 of its levels.

You collected 238 gold pieces.


Innate Abilities, Weirdness & Mutations

You are immune to sickness and miasma.
Your stone body is resilient. (AC +4)
You are immune to poison.
You resist negative energy. (rN+)
You are resistant to electric shocks. (rElec)
You are resistant to unholy torment.
You are immune to petrification.


   Skills:
 - Level 4.0 Fighting
 + Level 6.3 Axes
 - Level 3.2 Armour
 - Level 1.8 Dodging
 - Level 3.2 Shields


You had 6 spell levels left.
You didn't know any spells.
Your spell library was empty.

Inventory:

Hand Weapons
 o - a +0 flail
 Y - a +1 war axe (weapon)
Missiles
 p - 7 boomerangs (quivered)
Armour
 a - a +0 helmet (worn)
 c - a +0 buckler (worn)
 h - a +0 pair of boots (worn)
 m - a +0 pair of gloves (worn)
 n - a +0 chain mail (worn)
Jewellery
 g - a +5 ring of evasion (left hand)
 i - a ring of fire
Scrolls
 k - a scroll of teleportation
Potions
 d - a potion of might
 e - a potion of curing
 f - 2 potions of heal wounds
 j - a potion of magic
 l - a potion of brilliance {unknown}
 q - a potion of enlightenment {unknown}

Dungeon Overview and Level Annotations

Branches:
Dungeon (6/15)             Temple (1/1) D:5

Altars:
Ashenzari
Cheibriados
Dithmenos
Fedhas
Gozag
Hepliaklqana
Kikubaaqudgha
Nemelex Xobeh
Okawaru
Ru
Sif Muna
Trog
Uskayaw
Vehumet
Wu Jian
Xom
Yredelemnul
Zin
The Shining One

Shops:
D:1 :   D:4 *?

Annotations:
D:2 1 runed translucent door, Crazy Yiuf


Message History

Press < or > to pray at altars.
There is a staircase back to the Dungeon here.
You climb upwards.
Welcome back to the Dungeon!
There is a staircase to the Ecumenical Temple here.
An adder is nearby!
You closely miss the adder. The adder bites you.
You miss the adder. The adder barely misses you. x2
You slash the adder!
You kill the adder!
Okawaru accepts your kill.
There is a fountain of clear blue water here.
You now have 238 gold pieces (gained 11). 2 gnolls come into view.
The gnoll shouts!
A gnoll sergeant comes into view.
It is wielding a +2 spear of distortion.
The gnoll moves out of view.
A gnoll comes into view. It is wielding a +0 halberd.
Found a scroll labelled FOOGUCKEMEI.
The gnoll sergeant shouts!
The gnoll shouts!
The gnoll misses you.
You closely miss the gnoll. The gnoll barely misses you.
You barely miss the gnoll. The gnoll closely misses you.
The gnoll sergeant hits you from afar with a +2 spear of distortion!
Space warps around you. The gnoll barely misses you.
You slash the gnoll!
The gnoll is almost dead.
The gnoll hits you but does no damage.
The gnoll sergeant hits you but does no damage.
Space warps horribly around you! You block the gnoll's attack.
The gnoll barely misses you. You block the gnoll's attack.
The gnoll sergeant hits you but does no damage.
You blink.
Found a stone staircase leading up.
The gnoll hits you but does no damage.
The gnoll sergeant hits you with a +2 spear of distortion!
Space warps around you!
You die...

#.... . #.... #.# ## #....
#. <.. .# #.... #. #.###.#
#....
###.##.#...##########....
............ยค............
.......#.g.g..########...
#....@g.##.# ###.
#.....g....# #.
#.......##... #.
#.?.....##.#. #.
#####.#.##.## .###.
#.#.##.# ..... #......#
#..#. ###.## #... .# ###.


You could see a gnoll sergeant and 3 gnolls.

Vanquished Creatures
  Sigmund (D:2)
  An ogre (D:6)
  A scorpion (D:6)
  2 hounds (D:4)
  Natasha (twice) (D:4)
  7 adders
  3 orcs
  6 endoplasms
  3 giant cockroaches
  7 goblins
  10 hobgoblins
  3 jackals (D:1)
  3 quokkas
  3 ball pythons
  4 bats
  2 frilled lizards (D:1)
  3 kobolds
  5 rats
66 creatures vanquished.

Notes
Turn   | Place    | Note
-------+----------+-------------------------------------------
     0 | D:1      | qw the Gargoyle Fighter began the quest for the Orb.
     0 | D:1      | Reached XP level 1. HP: 14/14 MP: 1/1
     0 | D:1      | 0 ||| qw: Version: 0.3-a-24-ga2abf7b
     0 | D:1      | 0 ||| qw: Game counter: 7087
     0 | D:1      | 0 ||| qw: Melee chars always use a shield: true
     0 | D:1      | 0 ||| qw: God list: Okawaru
     0 | D:1      | 0 ||| qw: Allow faded altars: false
     0 | D:1      | 0 ||| qw: Do Orc after clearing Dungeon:15 true
     0 | D:1      | 0 ||| qw: Do second Lair branch before Depths: true
     0 | D:1      | 0 ||| qw: Lair rune preference: random
     0 | D:1      | 0 ||| qw: Goals: Normal, Zot:1-4, Slime:5, God:TSO, Crypt,
                  | Tomb, Abyss, Pan, Hells, Win
     0 | D:1      | 0 ||| PLANNING D:1-11
   112 | D:1      | Reached skill level 2 in Axes
   138 | D:1      | Reached XP level 2. HP: 17/19 MP: 2/2
   204 | D:1      | Found Oruaq's Vocational Training.
   287 | D:1      | 287 ||| Stepping ~*~*~tactically~*~*~ (hiding).
   471 | D:1      | 471 ||| Stepping ~*~*~tactically~*~*~ (stealth).
   482 | D:1      | Reached skill level 3 in Axes
   550 | D:1      | Reached XP level 3. HP: 23/23 MP: 3/3
   745 | D:1      | 745 ||| UPGRADING to +0 pair of boots.
   750 | D:1      | 750 ||| UPGRADING to +5 ring of evasion.
   751 | D:1      | 751 ||| READING scroll labelled XIEMAS YHUYXT.
   752 | D:1      | 752 ||| READING scroll labelled KARUG YF LESOD.
   753 | D:1      | 753 ||| READING scroll labelled ASHRISKU GUYSS.
   754 | D:1      | 754 ||| READING scroll labelled TOWUH DESTIOSY.
   755 | D:1      | 755 ||| READING scroll labelled NYMOAPH TAOQAT.
   758 | D:1      | 758 ||| DRINKING 3 silvery potions.
   907 | D:2      | Found a runed translucent door.
   908 | D:2      | Noticed Crazy Yiuf
  1040 | D:2      | Noticed Sigmund
  1065 | D:2      | Killed Sigmund
  1066 | D:2      | Reached skill level 5 in Axes
  1066 | D:2      | Reached XP level 4. HP: 18/28 MP: 4/4
  1066 | D:2      | Reached XP level 5. HP: 21/32 MP: 5/5
  1375 | D:2      | 1375 ||| DROPPING +0 mace.
  1596 | D:2      | 1596 ||| UPGRADING to +0 helmet.
  1601 | D:2      | 1601 ||| UPGRADING to +0 pair of gloves.
  1606 | D:2      | 1606 ||| UPGRADING to +0 chain mail.
  1616 | D:2      | 1616 ||| DROPPING +0 scale mail.
  1617 | D:2      | 1617 ||| READING scroll labelled YMIPLOJIPT.
  1618 | D:2      | 1618 ||| DRINKING 2 smoky red potions.
  1717 | D:3      | Reached XP level 6. HP: 37/38 MP: 6/6
  2341 | D:3      | Found a basalt altar of Yredelemnul.
  2342 | D:3      | Found a bloodstained altar of Trog.
  2343 | D:3      | Found a sparkling altar of Nemelex Xobeh.
  2348 | D:3      | Found a snail-covered altar of Cheibriados.
  2353 | D:3      | 2353 ||| READING scroll labelled TUUNATW PUFU.
  2354 | D:3      | 2354 ||| READING scroll labelled ETIUKE HOQOSAUCUR.
  2355 | D:3      | 2355 ||| DRINKING 2 brown potions.
  2390 | D:4      | Noticed Natasha
  2397 | D:4      | Killed Natasha
  2482 | D:4      | Found an opulent altar of Gozag.
  2487 | D:4      | Noticed Natasha
  2488 | D:4      | Found Gozag's Platinum Reserve.
  2490 | D:4      | 2490 ||| FLEEEEING.
  2491 | D:4      | 2491 ||| FLEEEEING.
  2492 | D:4      | 2492 ||| FLEEEEING.
  2493 | D:4      | 2493 ||| FLEEEEING.
  2494 | D:4      | 2494 ||| FLEEEEING.
  2516 | D:4      | Killed Natasha
  2529 | D:4      | 2529 ||| SHOPLISTING +1 mace of Dissolution {freeze, rF++
                  | Str-2 SInv Stlth+} (3770 gold, have 177).
  2529 | D:4      | 2529 ||| SHOPLISTING amulet "Lomysyk" {Regen+ SInv} (4120
                  | gold, have 177).
  2663 | D:4      | Found The Oracle's Delphic Readings.
  2667 | D:4      | 2667 ||| SHOPLISTING 3 scrolls of enchant weapon (315 gold,
                  | have 197).
  2756 | D:4      | 2756 ||| Stepping ~*~*~tactically~*~*~ (stealth).
  2807 | D:4      | 2807 ||| Stepping ~*~*~tactically~*~*~ (stealth).
  2808 | D:4      | 2808 ||| Stepping ~*~*~tactically~*~*~ (stealth).
  2817 | D:4      | Reached skill level 6 in Axes
  2871 | D:4      | You fall into a shaft and drop 2 floors!
  2881 | D:6      | Reached skill level 1 in Dodging
  2881 | D:6      | Reached XP level 7. HP: 43/43 MP: 7/7
  3111 | D:6      | 3111 ||| DROPPING amulet of magic regeneration.
  3117 | D:5      | Entered Level 5 of the Dungeon
  3117 | D:5      | Found a staircase to the Ecumenical Temple.
  3118 | D:5      | 3118 ||| PLANNING TEMPLE
  3124 | Temple   | Entered the Ecumenical Temple
  3125 | Temple   | 3125 ||| PLANNING OKAWARU WORSHIP
  3250 | Temple   | Became a worshipper of Warmaster Okawaru
  3251 | Temple   | 3251 ||| PLANNING D:1-11
  3289 | D:5      | HP: 5/43 [gnoll sergeant/+2 spear of distortion (11)]
  3289 | D:5      | Slain by a gnoll sergeant

Levels and vault maps discovered:
D:1:      ncdulo_watergridlock, layout_basic, hangedman_decor_push,
          nicolae_shop_vocational
D:2:      layout_basic, uniq_crazy_yiuf_cottage, uniq_sigmund
D:3:      layout_loops_ring, mainiacjoe_overflow_alcove_3
D:4:      layout_loops_cross, nicolae_gozag_zags_fifth_avenue, st_stairs_10,
          nicolae_nh_oracle_at_delphi, uniq_natasha
D:5:      layout_basic, makhleb_grotto_becter,
          minmay_temple_entry_statues_fountains
D:6:      layout_gridville, nicolae_elyvilon_temple_path
Temple:   nicolae_temple_two_arcs

Skill      XL: |  1  2  3  4  5  6 |
---------------+-------------------+-----
Axes           | 2 3 5 6 |  6.3
Fighting       | 4 |  4.0
Dodging        | 1 |  1.8
Armour         | |  3.2
Shields        | |  3.2

Action                     |  1- 3 |  4- 6 |  7- 9 || total
---------------------------+-------+-------+-------++-------
  Melee: War axe           |    79 |   109 |    15 ||   203
  Throw: Boomerang         |       |     7 |     5 ||    12
    Use: Scroll            |     5 |     3 |       ||     8
         Potion            |     1 |     2 |       ||     3
 Armour: Scale mail        |    42 |     2 |       ||    44
         Chain mail        |       |    37 |     8 ||    45
  Dodge: Dodged            |    40 |    71 |    10 ||   121
  Block: Buckler           |    17 |    15 |     3 ||    35

Table legend:
 A = Non-vault XP
 B = Vault XP
 C = Vault XP percentage of total XP
 D = Non-vault monster count
 E = Vault monster count
 F = Vault count percentage of total count
                 A         B        C        D         E       F
            +---------+---------+-------+---------+---------+-------
      Total |     483 |     288 |  37.4 |      60 |       6 |   9.1
            +---------+---------+-------+---------+---------+-------
        D:1 |      38 |       0 |   0.0 |      23 |       0 |   0.0
        D:2 |      40 |     223 |  84.8 |       9 |       1 |  10.0
        D:3 |      49 |       0 |   0.0 |      15 |       0 |   0.0
        D:4 |     129 |      65 |  33.5 |       8 |       5 |  38.5
        D:5 |      13 |       0 |   0.0 |       1 |       0 |   0.0
        D:6 |     214 |       0 |   0.0 |       4 |       0 |   0.0
            +---------+---------+-------+---------+---------+-------
